 Dungeon Crawl Stone Soup version 0.29.1-12-g30fa7ad0bf (webtiles) character file.

Game seed: 15913826357507646812

3444 Sanktem7 the Fighter (level 9, 0/89 HPs)
             Began as a Minotaur Fighter on Jan 6, 2023.
             Was a Believer of Okawaru.
             Killed from afar by an electric eel (6 damage)
             ... with a bolt of electricity
             ... on level 8 of the Dungeon.
             The game lasted 00:16:00 (7896 turns).

Sanktem7 the Fighter (Minotaur Fighter)             Turns: 7896, Time: 00:16:01

Health: 0/89       AC: 15    Str: 27    XL:     9   Next: 77%
Magic:  8/8        EV:  7    Int:  8    God:    Okawaru [**....]
Gold:   420        SH:  4    Dex: 11    Spells: 8/8 levels left

rFire   . . .      SeeInvis .   n - +5 war axe "Cush" {freeze, Str+4 Dex-4, axe}
rCold   . . .      Faith    .   c - +0 buckler
rNeg    . . .      Spirit   .   E - +0 plate armour
rPois   .          Reflect  .   (helmet restricted)
rElec   .          Harm     .   (no cloak)
rCorr   .          Rampage  .   (no gloves)
Will    .....                   x - +1 pair of boots
Stlth   ..........              (no amulet)
HPRegen 0.24/turn               l - +4 ring of slaying
MPRegen 0.11/turn               B - +6 ring of intelligence

@: no status effects
A: horns 2, retaliatory headbutt, agile 1, dopey 1
a: Renounce Religion, Heroism


You were on level 8 of the Dungeon.
You worshipped Okawaru.
Okawaru was pleased with you.
You visited 2 branches of the dungeon, and saw 9 of its levels.

You collected 420 gold pieces.


Innate Abilities, Weirdness & Mutations

You have a pair of horns on your head.
You reflexively headbutt those who attack you in melee.
You are agile. (Dex +4, Str/Int -1)
You are dopey. (Int -2)


   Skills:
 * Level 11.3 Fighting
 * Level 8.7(9.7) Axes
 - Level 6.6(8.7) Maces & Flails
 - Level 8.0 Armour
 - Level 3.6 Shields


You had 8 spell levels left.
You didn't know any spells.
Your spell library contained the following spells:

 Spells                   Type           Power      Damage    Failure   Level
 Blink                    Tloc           0%         N/A       100%        2
 Static Discharge         Conj/Air       0%         3-3/arc   100%        2
 Confusing Touch          Hex            0%         N/A       100%        3
 Lesser Beckoning         Tloc           0%         N/A       100%        3
 Dispel Undead            Necr           0%         3d6       100%        4
 Sticky Flame             Conj/Fire      0%         2d3       100%        4
 Manifold Assault         Tloc           0%         N/A       100%        5
 Yara's Violent Unravell  Hex/Tmut       0%         3d3       100%        5
 Enfeeble                 Hex            0%         N/A       100%        7

Inventory:

Hand Weapons
 a - a +1 flail {mace}
 n - the +5 war axe "Cush" (weapon) {freeze, Str+4 Dex-4, axe}
   (You found it on level 5 of the Dungeon)

   It freezes those it strikes, dealing additional cold damage.
   It can also slow down cold-blooded creatures.
   Str:       It affects your strength (+4).
   Dex:       It affects your dexterity (-4).
Missiles
 b - 6 atropa-tipped darts {throwing}
 h - 56 stones {throwing}
 C - 3 javelins (quivered) {throwing}
 D - a curare-tipped dart {=fthrowing}
Armour
 c - a +0 buckler (worn)
 x - a +1 pair of boots (worn)
   (You found it on level 4 of the Dungeon)
 E - a +0 plate armour (worn)
   (You took it off an orc warrior on level 6 of the Dungeon)
Magical Staves
 y - a staff of fire {!astaff}
   (You found it on level 4 of the Dungeon)
Jewellery
 l - a +4 ring of slaying (left hand)
   (You found it on level 1 of the Dungeon)
 B - a +6 ring of intelligence (right hand)
   (You found it on level 4 of the Dungeon)
Wands
 f - a wand of iceblast (4)
   (You found it on level 5 of the Dungeon)
 p - a wand of flame (16)
   (You found it on level 5 of the Dungeon)
 t - a wand of polymorph (14)
   (You found it on level 3 of the Dungeon)
Scrolls
 i - 5 scrolls of identify {@r1}
 j - a scroll of teleportation {@r4}
 m - a scroll of enchant armour
 o - a scroll of acquirement {unknown}
 r - a scroll of poison {!r}
 v - 2 scrolls of butterflies
Potions
 d - a potion of might
 e - 2 potions of flight {unknown}
 g - a potion of haste {unknown}
 k - 3 potions of curing {@q1}
 q - a potion of degeneration {unknown}
 s - a potion of lignification {unknown}
 u - 2 potions of cancellation
 w - a potion of heal wounds {unknown}
 A - 2 potions of brilliance {unknown}

Dungeon Overview and Level Annotations

Branches:
Dungeon (8/15) Zot: 26296  Temple (1/1) D:6 Zot: 5811
   Lair: D:8-11

Altars:
Cheibriados
Dithmenos
Elyvilon
Fedhas
Gozag
Hepliaklqana
Kikubaaqudgha
Makhleb
Nemelex Xobeh
Okawaru
Qazlal
Ru
Sif Muna
Trog
Uskayaw
Vehumet
Wu Jian
Yredelemnul
Zin
The Shining One

....... .......
#..~≈≈~~~.~~≈.hh≈≈~~...
.......
#...~≈≈~.≈≈≈~~≈≈≈≈≈..(.
.......
#...≈~S.~~≈≈≈≈≈≈≈≈~~...
#..~.~..~~S≈≈≈≈≈≈~.~...
...~.~....~~≈≈≈≈≈.~..
...........S≈~~~~..
#.......##.......#
#..(...@#...##...#
#..........###...#######
.........)...÷..........
........................
###..#####<.##..........
...# ###.......######
...# #..........# ...
#.......#..###
#.......#....#


You could see 2 electric eels.


Message History

You kill the wolf!
Okawaru accepts your kill.
The centaur shoots an arrow.
The arrow hits you!
Your Fighting skill increases to level 11! 😕 HP[-4]
You now have 89 max hp (+3).
You take 4 damage, and now have 81/89 hp.
You slash the hound! You freeze the hound. Your headbutt misses the hound.
The hound barely misses you. The hound bites you. 😕 HP[-4]
You take 4 damage, and now have 77/89 hp.
You slash the hound! You freeze the hound.
You kill the hound!
Okawaru accepts your kill.
You slash the centaur! You freeze the centaur.
The centaur unwields a +0 shortbow.
The centaur hits you but does no damage.
The centaur kicks you. You block the centaur's attack.
The centaur kicks you. 😕 HP[-4]
You take 4 damage, and now have 73/89 hp.
You completely miss the centaur.
The hound barks!
The centaur hits you but does no damage.
The centaur kicks you but does no damage.
The hound bites you but does no damage. 😕 HP[+1]
You slash the centaur! You freeze the centaur.
You kill the centaur!
Okawaru accepts your kill.
You barely miss the hound. The hound barely misses you.
The hound bites you but does no damage.
You barely miss the hound. You block the hound's attack.
You closely miss the hound. You headbutt the hound.
The hound barely misses you. You furiously retaliate!
You headbutt the hound.
A hound comes into view.
The hound bites you but does no damage.
The hound barks!
You slash the hound! You freeze the hound.
You kill the hound!
Okawaru accepts your kill.
You hit the hound. You freeze the hound.
The hound bites you but does no damage. The hound closely misses you. 😕 HP[+1]
You hit the hound. You freeze the hound.
The hound bites you but does no damage.
You closely miss the hound. You headbutt the hound!
You kill the hound!
Okawaru accepts your kill.
The electric eel shoots out a bolt of lightning at you!
The bolt of electricity hits you! 😕 HP[-8]
You take 8 damage, and now have 67/89 hp.
The hound bites you but does no damage.
The electric eel shoots out a bolt of lightning at you!
The bolt of electricity hits you.
You see here a +0 shortbow {bow}. 😮 HP[-5]
You take 5 damage, and now have 62/89 hp.
You closely miss the hound. The hound bites you but does no damage.
The electric eel shoots out a bolt of lightning at you!
The bolt of electricity hits you! The hound barely misses you. 😮 HP[-7]
You take 7 damage, and now have 55/89 hp.
You slash the hound! You freeze the hound. Your headbutt misses the hound.
The hound barely misses you.
The electric eel shoots out a bolt of lightning at you!
The bolt of electricity hits you! 😮 HP[-7]
You take 7 damage, and now have 48/89 hp.
You slash the hound! You freeze the hound.
You kill the hound!
Okawaru accepts your kill.
The electric eel shoots out a bolt of lightning at you!
The bolt of electricity hits you.
* * * LOW HITPOINT WARNING * * *
The electric eel shoots out a bolt of lightning at you!
The bolt of electricity hits you!
* * * LOW HITPOINT WARNING * * *
😨 HP[-11]
You take 11 damage, and now have 37/89 hp. 😨 HP[+1]
The electric eel shoots out a bolt of lightning at you!
The bolt of electricity misses you.
The electric eel shoots out a bolt of lightning at you!
The bolt of electricity misses you.
The electric eel shoots out a bolt of lightning at you!
The bolt of electricity hits you!
* * * LOW HITPOINT WARNING * * *
The electric eel shoots out a bolt of lightning at you!
The bolt of electricity hits you!
* * * LOW HITPOINT WARNING * * *
The electric eel shoots out a bolt of lightning at you!
The bolt of electricity hits you!
* * * LOW HITPOINT WARNING * * *
The electric eel shoots out a bolt of lightning at you!
The bolt of electricity hits you.
* * * LOW HITPOINT WARNING * * *
The electric eel shoots out a bolt of lightning at you!
The bolt of electricity hits you.
You die...

Skill      XL: |  1  2  3  4  5  6  7  8  9 |
---------------+----------------------------+-----
Fighting       | 4 5 6 7 9 11 | 11.3
Maces & Flails | 3 4 5 6 |  6.6
Armour         | 4 5 6 7 8 |  8.0
Axes           | 3 6 8 |  8.7
Shields        | |  3.6

Action                   |  1- 3 |  4- 6 |  7- 9 || total
-------------------------+-------+-------+-------++-------
Melee: Flail             |    68 |   110 |       ||   178
       Headbutt          |     5 |    18 |    20 ||    43
       War axe           |       |     5 |   129 ||   134
Throw: Stone             |       |       |     7 ||     7
       Javelin           |       |       |     1 ||     1
  Use: Scroll            |       |    13 |     1 ||    14
       Potion            |       |     2 |     4 ||     6
Armor: Scale mail        |    35 |    34 |       ||    69
       Chain mail        |       |    15 |    59 ||    74
       Plate armour      |       |       |    17 ||    17
Dodge: Dodged            |    41 |    40 |    54 ||   135
Block: Buckler           |    20 |    17 |    23 ||    60

Levels and vault maps discovered:
D:1:      dpeg_arrival_shelter, layout_loops_ring, serial_shops,
          nicolae_shop_bloodbath_and_beyond, corexii_hall_statues_x
D:2:      layout_rooms, ebering_ecumenical_altar_abandoned,
          corexii_hall_statues_deadend, grunt_ministairs_4,
          small_statue_intersection, grunt_decor_mini_mirrors, eino_tiny_chamber
D:3:      layout_loops_ring, mainiacjoe_overflow_alcove_1,
          serial_co_window_serial, co_window_paths_a, co_window_corner_a,
          co_window_corner_a, co_window_paths_a, co_window_paths_b,
          co_window_corner_a, co_window_paths_b, co_window_unsneaky_path_b,
          co_window_unsneaky_path_a, co_window_paths_c, co_window_broadway_a,
          co_window_of_opportunity_b, co_window_2corner, co_window_broadway_b,
          co_window_4corner_b, co_window_paths_e, glass_columns_b,
          glass_columns_a, glass_columns_a
D:4:      minmay_inner_zag, layout_rooms
D:5:      layout_gridville, nemelex_spade_bored_becter, grunt_qazlal_sundering,
          nrook_mini_vaults, lemuel_flame_loot_1
D:6:      layout_loops_ring, grunt_temple_overflow_open,
          nicolae_dithmenos_the_darkroom, temple_fountains, uniq_duvessa
D:7:      layout_basic, minivault_19
D:8:      layout_rooms, erik_lair_island
Temple:   bh_familiar_temple

Notes
Turn   | Place    | Note
-------+----------+-------------------------------------------
     0 | D:1      | Sanktem7 the Minotaur Fighter began the quest for the Orb.
     0 | D:1      | Reached XP level 1. HP: 19/19 MP: 0/0
     0 | D:1      | magus.rc [v1.9.6]
     8 | D:1      | Found Pitagrac's Weapon Boutique.
    30 | D:1      | Reached XP level 2. HP: 20/27 MP: 1/1
   125 | D:1      | Reached skill level 4 in Fighting
   173 | D:1      | You pick up a book of Spatial Translocations and begin
                  | reading...
   173 | D:1      | You add the spells Blink, Lesser Beckoning and Manifold
                  | Assault to your library.
   269 | D:1      | Reached skill level 3 in Maces & Flails
   744 | D:1      | Reached XP level 3. HP: 33/33 MP: 2/2
   905 | D:2      | Reached skill level 4 in Armour
  1088 | D:2      | Reached XP level 4. HP: 41/41 MP: 3/3
  1138 | D:2      | Found a faded altar of an unknown god.
  1305 | D:2      | Reached skill level 4 in Maces & Flails
  1482 | D:2      | Reached skill level 5 in Fighting
  1863 | D:3      | Reached XP level 5. HP: 48/48 MP: 4/4
  2104 | D:3      | Found an ornate altar of the Wu Jian Council.
  2525 | D:3      | Reached skill level 5 in Maces & Flails
  3097 | D:4      | Reached XP level 6. HP: 45/57 MP: 5/5
  3098 | D:4      | Reached skill level 6 in Fighting
  3098 | D:4      | Reached skill level 5 in Armour
  3481 | D:4      | You pick up a book of Touch and begin reading...
  3481 | D:4      | You add the spells Static Discharge, Sticky Flame and
                  | Dispel Undead to your library.
  3564 | D:4      | Gained mutation: You sometimes lose your temper in combat.
                  | [potion of mutation]
  3564 | D:4      | Gained mutation: You are strong-willed. (Will+) [potion of
                  | mutation]
  3565 | D:4      | Lost mutation: You are strong-willed. (Will+) [potion of
                  | mutation]
  3565 | D:4      | Lost mutation: You sometimes lose your temper in combat.
                  | [potion of mutation]
  3565 | D:4      | Gained mutation: You are agile. (Dex +4, Str/Int -1)
                  | [potion of mutation]
  3565 | D:4      | Gained mutation: You are dopey. (Int -2) [potion of
                  | mutation]
  3605 | D:5      | Entered Level 5 of the Dungeon
  3606 | D:5      | Found a stormy altar of Qazlal.
  3713 | D:5      | Reached skill level 6 in Maces & Flails
  3808 | D:5      | Identified the +5 war axe "Cush" {freeze, Str+4 Dex-4}
  3811 | D:5      | Noticed an ice beast
  3820 | D:5      | Killed an ice beast
  3821 | D:5      | Reached XP level 7. HP: 24/64 MP: 6/6
  4081 | D:5      | You pick up a book of Misfortune and begin reading...
  4081 | D:5      | You add the spells Confusing Touch, Yara's Violent
                  | Unravelling and Enfeeble to your library.
  4186 | D:5      | Reached skill level 7 in Fighting
  4209 | D:5      | Found a sparkling altar of Nemelex Xobeh.
  4706 | D:6      | Reached skill level 1 in Axes
  4717 | D:6      | Reached skill level 2 in Axes
  4761 | D:6      | Reached skill level 6 in Armour
  4761 | D:6      | Found a shadowy altar of Dithmenos.
  4767 | D:6      | Noticed Duvessa
  4769 | D:6      | Noticed Dowan
  4773 | D:6      | Reached skill level 3 in Axes
  4773 | D:6      | Reached XP level 8. HP: 19/74 MP: 7/7
  4774 | D:6      | HP: 18/74 [Duvessa/+2 short sword of venom (7)]
  4776 | D:6      | HP: 1/74 [orc warrior/+0 trident of venom (15)]
  4781 | D:6      | HP: 10/74 [poisoned by Duvessa]
  4786 | D:6      | HP: 6/74 [poisoned by Duvessa]
  5129 | D:6      | Killed Duvessa
  5130 | D:6      | Reached skill level 8 in Fighting
  5134 | D:6      | Killed Dowan
  5414 | D:6      | Reached skill level 4 in Axes
  5416 | D:6      | Found a staircase to the Ecumenical Temple.
  5424 | Temple   | Entered the Ecumenical Temple
  5995 | D:6      | Reached skill level 9 in Fighting
  5995 | D:6      | Reached skill level 5 in Axes
  6060 | D:6      | Found a bloodstained altar of Trog.
  6064 | D:6      | Found a sacrificial altar of Ru.
  6065 | D:6      | Found a hazy altar of Hepliaklqana.
  6065 | D:6      | Found an iron altar of Okawaru.
  6065 | D:6      | Found a glowing golden altar of the Shining One.
  6073 | D:6      | Became a worshipper of Warmaster Okawaru
  6160 | D:7      | Reached skill level 7 in Armour
  6171 | D:7      | Reached skill level 6 in Axes
  6180 | D:7      | Reached XP level 9. HP: 32/85 MP: 8/8
  6254 | D:7      | Reached * piety under Okawaru
  6525 | D:7      | Reached skill level 10 in Fighting
  6656 | D:7      | Reached skill level 7 in Axes
  7325 | D:8      | Reached skill level 8 in Armour
  7377 | D:8      | Noticed a troll
  7635 | D:8      | Killed a troll
  7635 | D:8      | Reached ** piety under Okawaru
  7636 | D:8      | Reached skill level 8 in Axes
  7875 | D:8      | Reached skill level 11 in Fighting
  7893 | D:8      | HP: 20/89 [electric eel/bolt of electricity (10)]
  7896 | D:8      | HP: 6/89 [electric eel/bolt of electricity (6)]
  7896 | D:8      | Killed from afar by an electric eel

Vanquished Creatures
  A troll (D:8)
  A wyvern (D:7)
  Duvessa (D:6)
  2 water moccasins (D:7)
  2 orc warriors (D:6)
  A black bear (D:6)
  A sky beast (D:7)
  An ice beast (D:5)
  An ogre (D:6)
  A wolf (D:8)
  3 centaurs
  A kobold brigand (D:7)
  5 bullfrogs
  A necrophage (D:6)
  2 scorpions
  3 wights (D:7)
  Dowan (D:6)
  3 killer bees (D:7)
  A howler monkey (D:5)
  4 jellies
  8 hounds
  A gnoll bouda (D:7)
  4 orc priests
  An iguana (D:6)
  5 orc wizards
  15 adders
  7 gnolls
  A white imp (D:4)
  2 ufetubi
  2 worms
  2 dart slugs (D:1)
  13 orcs
  7 endoplasms
  4 giant cockroaches
  9 goblins
  8 hobgoblins
  3 jackals (D:4)
  13 kobolds
  4 quokkas
  5 ball pythons
  8 bats
  6 frilled lizards
  6 rats
170 creatures vanquished.

Table legend:
 A = Non-vault XP
 B = Vault XP
 C = Vault XP percentage of total XP
 D = Non-vault monster count
 E = Vault monster count
 F = Vault count percentage of total count
                 A         B        C        D         E       F
            +---------+---------+-------+---------+---------+-------
      Total |    3983 |     938 |  19.1 |     153 |      17 |  10.0
            +---------+---------+-------+---------+---------+-------
        D:1 |      42 |       0 |   0.0 |      23 |       0 |   0.0
        D:2 |     112 |       3 |   2.6 |      23 |       2 |   8.0
        D:3 |     192 |       0 |   0.0 |      27 |       0 |   0.0
        D:4 |     140 |      91 |  39.4 |      13 |       6 |  31.6
        D:5 |     424 |       0 |   0.0 |      10 |       0 |   0.0
        D:6 |    1065 |     214 |  16.7 |      18 |       2 |  10.0
        D:7 |    1808 |       0 |   0.0 |      37 |       0 |   0.0
        D:8 |     200 |     630 |  75.9 |       2 |       7 |  77.8
            +---------+---------+-------+---------+---------+-------

Illustrated notes

Table legend:
 A = Kills in this place as a percentage of kills in entire the game.
 B = Kills by you in this place as a percentage of kills by you in the entire game.
 C = Kills by friends in this place as a percentage of kills by friends in the entire game.
 D = Other kills in this place as a percentage of other kills in the entire game.
 E = Experience gained in this place as a percentage of experience gained in the entire game.
 F = Experience gained in this place divided by the number of levels of this place that you have seen.
                   A       B       C       D       E      F
               +-------+-------+-------+-------+-------+----------------------
         Total | 100.0 | 100.0 |   N/A |   N/A | 100.0 | 546.8
       Dungeon | 100.0 | 100.0 |   N/A |   N/A | 100.0 | 615.1
               +-------+-------+-------+-------+-------+----------------------

Table legend: (Time is in decaauts)
 A = Elapsed time spent in this place.
 B = Non-inter-level travel time spent in this place.
 C = Inter-level travel time spent in this place.
 D = Time resting spent in this place.
 E = Time spent auto-exploring this place.
 F = Levels seen in this place.
 G = Mean time per level.
                   A        B        C        D        E       F      G
               +--------+--------+--------+--------+--------+-----+--------+
         Total |   7963 |   7618 |    345 |    745 |   5822 |   9 |  884.8 |
       Dungeon |   7774 |   7438 |    336 |    745 |   5647 |   8 |  971.8 |
        Temple |    188 |    179 |      9 |      0 |    175 |   1 |  188.0 |
               +--------+--------+--------+--------+--------+-----+--------+

Top non-repeatable levels by time:
     D:7: 1618 daAuts
     D:3: 1371 daAuts
     D:6: 1330 daAuts
     D:5: 1054 daAuts
     D:1: 912 daAuts
     D:2: 681 daAuts
     D:4: 677 daAuts
  Temple: 188 daAuts
     D:8: 129 daAuts
